 Dungeon Crawl Stone Soup version 0.26-a0-812-g31a745ddcd (webtiles) character file.

Game seed: 12060268322874676826

10943 sanka the Fighter (level 11, -5/107 HPs)
             Began as a Ghoul Monk on Nov 25, 2020.
             Was the Champion of Makhleb.
             Slain by a very large slime creature (54 damage)
             ... on level 11 of the Dungeon.
             The game lasted 00:29:53 (12983 turns).

sanka the Fighter (Ghoul Monk)                     Turns: 12983, Time: 00:29:53

Health: -5/107     AC: 11    Str: 19    XL:     11   Next: 70%
Magic:  17/17      EV: 17    Int:  1    God:    Makhleb [******]
Gold:   708        SH:  0    Dex: 17    Spells: 10/10 levels left

rFire    + . .     SeeInvis .   a - +2 halberd (elec)
rCold    + + .     Faith    .   (shield currently unavailable)
rNeg     + + +     Spirit   .   C - +5 leather armour of Evolution {rPois rC+ rN+ Int-4}
rPois    ∞         Reflect  .   l - +0 helmet
rElec    .         Harm     .   o - scarf {repulsion}
rCorr    .         Rampage  .   (no gloves)
MR       .....                  u - +1 pair of boots
Stlth    ++........             (no amulet)
HPRegen  0.00/turn              f - ring of protection from fire
MPRegen  0.15/turn              x - +6 ring of dexterity

@: repel missiles
A: rotting body, claws 1, cold resistance 1, negative energy resistance 3,
inhibited regeneration, torment resistance, unbreathing
a: Minor Destruction, Lesser Servant of Makhleb, Major Destruction, Greater
Servant of Makhleb, Renounce Religion


You were on level 11 of the Dungeon.
You worshipped Makhleb.
Makhleb was exalted by your worship.
You visited 1 branch of the dungeon, and saw 11 of its levels.
You also visited: Ossuary and Bailey.

You collected 708 gold pieces.


Innate Abilities, Weirdness & Mutations

Your body is rotting away.
You thrive by killing the living.
You are immune to poison.
You have sharp fingernails.
Your flesh is cold resistant. (rC+)
You are immune to negative energy. (rN+++)
You do not regenerate when monsters are visible.
You are immune to unholy pain and torment.
You can survive without breathing.


   Skills:
 - Level 13.0 Fighting
 + Level 6.6 Axes
 - Level 8.0 Dodging
 - Level 2.1 Stealth
 - Level 10.0 Invocations


You had 10 spell levels left.
You didn't know any spells.
Your spell library contained the following spells:

 Spells                   Type           Power        Failure   Level
 Animate Skeleton         Necr           #.....       63%         1
 Apportation              Tloc           #.....       63%         1
 Corona                   Hex            #......      63%         1
 Foxfire                  Conj/Fire      #...         63%         1
 Pain                     Necr           #...         63%         1
 Summon Small Mammal      Summ           #...         63%         1
 Call Imp                 Summ           #.......     77%         2
 Ensorcelled Hibernation  Hex/Ice        #.....       77%         2
 Call Canine Familiar     Summ           #.......     94%         3
 Confusing Touch          Hex            #.......     94%         3
 Conjure Flame            Conj/Fire      #.......     94%         3
 Dazzling Flash           Conj/Hex       #.....       94%         3
 Inner Flame              Hex/Fire       #.......     94%         3
 Summon Guardian Golem    Hex/Summ       #.......     94%         3
 Tukima's Dance           Hex            #.......     94%         3
 Vampiric Draining        Necr           #.........   94%         3
 Animate Dead             Necr           #.........   100%        4
 Cause Fear               Hex            #.........   100%        4
 Sticky Flame             Conj/Fire      #.......     100%        4
 Summon Ice Beast         Ice/Summ       #.......     100%        4
 Summon Lightning Spire   Summ/Air       #.......     100%        4
 Agony                    Necr           #.......     100%        5
 Fireball                 Conj/Fire      #.........   100%        5
 Silence                  Hex/Air        #.........   100%        5
 Yara's Violent Unravell  Hex/Tmut       #.........   100%        5
 Discord                  Hex            #.........   100%        8

Inventory:

Hand Weapons
 a - a +2 halberd of electrocution (weapon)
 j - the +6 quarterstaff of Symmetry {flame, +Blink MR+}

   It has been specially enchanted to burn those struck by it, causing extra
   injury to most foes and up to half again as much damage against particularly
   susceptible opponents.
   It affects your resistance to hostile enchantments.
   It lets you blink.
 y - a +1 halberd of electrocution
 D - a +0 dire flail of protection
 G - a +0 lajatang
 I - the +7 falchion of Zoym {vorpal, rPois rF- Str+4}

   It inflicts extra damage upon your enemies.
   It affects your strength (+4).
   It makes you vulnerable to fire.
   It protects you from poison.
 L - a +1 war axe of venom
 M - a +2 battleaxe
Armour
 l - a +0 helmet (worn)
 o - a scarf of repulsion (worn)
 r - a +0 tower shield
 s - a +2 ring mail of cold resistance
 u - a +1 pair of boots (worn)
 C - the +5 leather armour of Evolution (worn) {rPois rC+ rN+ Int-4}

   It affects your intelligence (-4).
   It protects you from cold.
   It protects you from poison.
   It protects you from negative energy.
 H - a +1 ring mail of fire resistance
Jewellery
 f - a ring of protection from fire (left claw)
 x - a +6 ring of dexterity (right claw)
 K - an uncursed ring of ice
Wands
 e - a wand of flame (11)
 m - a wand of disintegration (8)
 z - a wand of digging (5)
 J - a wand of polymorph (11)
Scrolls
 c - 10 scrolls of teleportation {@r4}
 h - 2 scrolls of magic mapping
 i - 2 scrolls of amnesia
 q - a scroll of remove curse
 E - 2 scrolls of silence {!r}
 F - 3 scrolls of fear
Potions
 b - a potion of invisibility {unknown}
 d - 5 potions of ambrosia
 g - a potion of lignification {unknown}
 k - 4 potions of might
 n - 5 potions of haste {@q3}
 p - 8 potions of curing {@q1}
 t - a potion of attraction {unknown}
 v - a potion of resistance {unknown}
 w - 2 potions of heal wounds {@q2}
 A - 8 potions of magic
 B - a potion of experience {unknown}

Dungeon Overview and Level Annotations

Branches:
Dungeon (11/15)            Temple (0/1) D:7            Lair (0/6) D:8
    Orc (0/2) D:9         Ossuary (visited)          Bailey (visited)

Altars:
Gozag
Makhleb
Qazlal
Sif Muna
Trog
Vehumet
Wu Jian
Xom
The Shining One

Shops:
D:4 :*(*

Annotations:
D:3 Sigmund
D:7 4 runed translucent doors

▒▒.▒.▒ ▒........▒.▒▒▒▒▒▒........
▒▒..▒ ▒▒▒▒▒▒▒........▒▒.....▒▒.
▒▒.▒ ▒.▒▒.▒▒▒.▒▒....▒▒▒. ▒▒'▒▒
▒.▒▒.▒ ▒.▒▒.▒▒.▒ ▒. ▒▒...▒▒
▒▒▒.▒▒.▒ ▒.▒▒.▒▒.▒ ▒. ▒▒.....▒▒
▒......▒ ▒.▒▒.▒▒.▒▒▒. ▒▒.......▒▒
▒.▒.▒▒▒▒ ▒.▒▒........
▒.........▒▒▒....▒▒▒▒▒.▒▒........
+.........'.....nJ...............
▒.........▒▒▒..........▒▒.▒.<..▒.
▒▒.......▒▒ ▒.▒.▒▒▒▒▒▒▒▒▒.▒.▒.▒▒.
▒▒.....▒▒ ▒.▒▒▒ ▒......<. ▒▒..†▒▒
▒.▒ ▒...▒▒▒.. ▒▒'▒▒ ▒.▒ ▒.... ...
▒†▒ ▒.. ▒▒..▒▒▒.▒ ▒.▒ ▒▒▒ ▒...
... ▒J▒ ▒.▒▒ ▒..


You could see a very large slime creature.


Message History

The large slime creature barely misses you.
The slime creature barely misses you. The large slime creature hits you!!
The slime creature hits you!!
You hit the slime creature.
The slime creature is moderately wounded.
The large slime creature hits you! The slime creature misses you.
You slash the slime creature!
Lightning courses through the slime creature!
The slime creature is severely wounded.
The large slime creature hits you!!
* * * LOW HITPOINT WARNING * * *
The slime creature hits you.
* * * LOW HITPOINT WARNING * * *
You open the door.
The large slime creature completely misses you.
The slime creature closely misses you.
There is an open door here.
Two slime creatures merge to form a very large slime creature.
There is a stone staircase leading up here.
There is a stone staircase leading up here.
There is a stone staircase leading up here.
Okay, then.
The very large slime creature misses you.
You hit the very large slime creature.
The very large slime creature is lightly wounded.
The very large slime creature hits you!!!
Ouch! That really hurt!
You die...

Action                   |  1- 3 |  4- 6 |  7- 9 | 10-12 || total
-------------------------+-------+-------+-------+-------++-------
Melee: Hand axe          |    81 |   143 |       |       ||   224
       Quarterstaff      |       |    53 |   163 |   144 ||   360
       Halberd           |       |       |   169 |   382 ||   551
Invok: Minor Destruction |       |     3 |     5 |       ||     8
       Lesser Servant of |       |       |     1 |       ||     1
  Use: Scroll            |       |    11 |     8 |       ||    19
       Potion            |       |       |       |     1 ||     1
 Stab: Sleeping          |     1 |       |    11 |     2 ||    14
       Distracted        |       |       |     1 |     2 ||     3
       Invisible         |       |       |       |     2 ||     2
Armor: Robe              |    15 |    14 |       |       ||    29
       Ring mail         |       |    69 |   103 |    23 ||   195
       Leather armour    |       |       |       |   152 ||   152
Dodge: Dodged            |    65 |   127 |   248 |   573 ||  1013
       Repelled          |       |       |     7 |     4 ||    11
Block: Tower shield      |       |     1 |       |       ||     1

Levels and vault maps discovered:
D:1:      eino_arrival_cavern_b, layout_loops_ring
D:2:      layout_loops_ring, grunt_temple_overflow_open, kennysheep_doodads,
          uniq_jessica
D:3:      layout_basic, kennysheep_generic_room_3, uniq_sigmund
D:4:      layout_basic, serial_shops, shop, nicolae_shop_overgrown_old_shop,
          shop, nicolae_shop_competitors_out_of_business,
          nicolae_ossuary_entry_monument
D:5:      layout_basic, grunt_ministairs_4, minmay_misc_feat_iff,
          kennysheep_boxes
D:6:      layout_loops_ring, grunt_gozag_breadcrumbs
D:7:      layout_gridville, temple_doors_e, enter_bailey_7, grunt_ministairs_8,
          minmay_hollow_rounded_squares, uniq_menkaure
D:8:      layout_loops_ring, erik_lair_dragon, skrybe_limestone_x, uniq_psyche
D:9:      layout_small_grid, gammafunk_temple_overflow_pools, zombieorc2_lemuel,
          minmay_door_square, chequers_serial_rivers_room_a
D:10:     layout_small_grid
D:11:     layout_loops_corners, serial_undead, serial_undead_a, serial_undead_d,
          serial_undead_b, serial_undead_f, serial_undead_c, serial_undead_f,
          serial_undead_a, uniq_fannar

Notes
Turn   | Place    | Note
-------+----------+-------------------------------------------
     0 | D:1      | sanka the Ghoul Monk began the quest for the Orb.
     0 | D:1      | Reached XP level 1. HP: 19/19 MP: 0/0
   128 | D:1      | Reached skill level 3 in Axes
   403 | D:1      | Reached XP level 2. HP: 26/26 MP: 1/1
   944 | D:1      | Reached XP level 3. HP: 25/33 MP: 2/2
  1319 | D:2      | Reached skill level 4 in Fighting
  1337 | D:2      | Noticed Jessica
  1344 | D:2      | Killed Jessica
  1380 | D:2      | Reached XP level 4. HP: 40/40 MP: 3/3
  1403 | D:2      | Found a shimmering altar of Xom.
  1407 | D:2      | Found a radiant altar of Vehumet.
  1409 | D:2      | Found a shimmering blue altar of Sif Muna.
  1411 | D:2      | Found an opulent altar of Gozag.
  1411 | D:2      | Found an ornate altar of the Wu Jian Council.
  1411 | D:2      | Found a burning altar of Makhleb.
  1412 | D:2      | Found a stormy altar of Qazlal.
  1422 | D:2      | Became a worshipper of Makhleb the Destroyer
  1422 | D:2      | Reached * piety under Makhleb
  1422 | D:2      | Reached ** piety under Makhleb
  1454 | D:2      | Reached skill level 4 in Axes
  2034 | D:3      | Reached skill level 1 in Invocations
  2346 | D:3      | Reached XP level 5. HP: 38/46 MP: 3/5
  2579 | D:3      | Noticed Sigmund
  3102 | D:4      | Found Xetwaufe's General Store.
  3161 | D:4      | Reached skill level 2 in Invocations
  3193 | D:4      | Found a sand-covered staircase.
  3204 | D:4      | Got a fine quarterstaff
  3205 | D:4      | Identified the +6 quarterstaff of Symmetry {flame, +Blink
                  | MR+} (You found it on level 4 of the Dungeon)
  3213 | Ossuary  | Entered an ossuary
  3213 | Ossuary  | Noticed a wraith
  3213 | Ossuary  | Noticed a wraith
  3213 | Ossuary  | Noticed a wraith
  3241 | Ossuary  | Reached skill level 5 in Axes
  3566 | Ossuary  | Reached XP level 6. HP: 41/52 MP: 6/6
  3703 | Ossuary  | Noticed a wraith
  3711 | Ossuary  | HP: 1/52 [wraith (12)]
  3713 | Ossuary  | Killed a wraith
  3713 | Ossuary  | Reached skill level 3 in Dodging
  3713 | Ossuary  | Reached skill level 3 in Invocations
  4003 | D:4      | Reached skill level 5 in Fighting
  4003 | D:4      | Reached XP level 7. HP: 61/61 MP: 8/8
  4119 | D:7      | Found a large runed translucent door.
  4119 | D:7      | Found a large runed translucent door.
  4146 | D:7      | Reached *** piety under Makhleb
  4149 | D:7      | Reached skill level 4 in Invocations
  4214 | D:7      | Found a staircase to the Ecumenical Temple.
  4247 | D:7      | Reached skill level 4 in Dodging
  4258 | D:7      | Reached skill level 6 in Fighting
  4258 | D:7      | Reached skill level 5 in Invocations
  4258 | D:7      | Reached XP level 8. HP: 55/70 MP: 10/10
  4298 | D:7      | Reached skill level 7 in Fighting
  4314 | D:7      | Noticed Menkaure
  4318 | D:7      | Killed Menkaure
  4346 | D:7      | Reached skill level 8 in Fighting
  4399 | D:7      | Reached skill level 9 in Fighting
  4556 | D:7      | Found a flagged portal.
  4578 | Bailey   | Entered a bailey
  4655 | Bailey   | Reached **** piety under Makhleb
  5043 | Bailey   | Reached XP level 9. HP: 32/84 MP: 11/11
  5908 | D:7      | Found a large runed translucent door.
  5908 | D:7      | Found a large runed translucent door.
  5918 | D:7      | Noticed a red ugly thing
  5943 | D:7      | Reached skill level 5 in Dodging
  5970 | D:7      | Reached skill level 10 in Fighting
  6784 | D:6      | Found an opulent altar of Gozag.
  6833 | D:6      | Reached skill level 6 in Dodging
  6898 | D:5      | Entered Level 5 of the Dungeon
  7832 | D:4      | Found Puoggaej's Weapon Shoppe.
  7879 | D:4      | Found Plog's Assorted Antiques.
  8175 | D:4      | Found Doconada's Book Boutique.
  8452 | D:7      | Reached skill level 11 in Fighting
  8455 | D:7      | Reached ***** piety under Makhleb
  8455 | D:7      | Reached XP level 10. HP: 91/95 MP: 13/13
  8458 | D:8      | Noticed Psyche
  8461 | D:8      | Reached skill level 6 in Invocations
  8477 | D:7      | Killed Psyche
  8784 | D:8      | Got a spiked leather armour
  8795 | D:8      | Identified the +5 leather armour of Evolution {rPois rC+
                  | rN+ Int-4} (You found it on level 8 of the Dungeon)
  8896 | D:8      | Got an ebony falchion
  8897 | D:8      | Identified the +7 falchion of Zoym {vorpal, rPois rF-
                  | Str+4} (You found it on level 8 of the Dungeon)
  8934 | D:8      | Reached skill level 7 in Dodging
  9115 | D:8      | Reached skill level 7 in Invocations
  9378 | D:8      | Noticed a two-headed ogre
  9394 | D:8      | Killed a two-headed ogre
  9679 | D:8      | Found a staircase to the Lair.
  9972 | D:9      | Reached skill level 12 in Fighting
  9986 | D:9      | Reached skill level 8 in Dodging
  9991 | D:9      | Reached skill level 8 in Invocations
 10231 | D:9      | Reached XP level 11. HP: 96/104 MP: 16/16
 10347 | D:9      | Got a transparent trident
 10348 | D:9      | Identified the +1 trident "Beilawe" {flame, rN+ Int+5
                  | Stlth+} (You found it on level 9 of the Dungeon)
 10770 | D:9      | Reached skill level 9 in Invocations
 10787 | D:9      | Found a staircase to the Orcish Mines.
 11242 | D:9      | Found a bloodstained altar of Trog.
 11243 | D:9      | Found a glowing golden altar of the Shining One.
 11320 | D:10     | Entered Level 10 of the Dungeon
 11465 | D:10     | Reached ****** piety under Makhleb
 11709 | D:10     | Reached skill level 13 in Fighting
 12107 | D:11     | Reached skill level 10 in Invocations
 12865 | D:11     | Reached skill level 6 in Axes
 12983 | D:11     | Slain by a very large slime creature

Vanquished Creatures
  A two-headed ogre (D:8)
  Psyche (D:7)
  A komodo dragon (D:8)
  A hornet (D:9)
  2 slime creatures (D:11)
  A shadow (D:9)
  12 yaks
  3 wraiths
  A wyvern (D:8)
  3 basilisks (D:8)
  Menkaure (D:7)
  2 two-headed ogre zombies (D:9)
  A water moccasin (D:7)
  An acid dragon (D:8)
  4 ice beasts
  3 sky beasts
  A necrophage (D:11)
  5 orc warriors
  2 black bears
  8 ogres
  2 phantoms
  2 centaurs
  2 big kobolds (D:7)
  2 bullfrogs (D:7)
  A gnoll sergeant (D:10)
  A wyvern zombie (D:9)
  3 scorpions
  3 troll zombies (D:9)
  A killer bee (D:7)
  4 wights (D:10)
  2 bullfrog zombies
  2 centaur zombies
  12 hounds
  2 quasits
  3 orc priests
  17 orc wizards
  A bullfrog skeleton (D:5)
  Jessica (D:2)
  2 iguanas
  9 worker ants
  3 ogre zombies (D:9)
  2 hound zombies
  3 mummies (Ossuary)
  A worker ant zombie (D:9)
  9 adders
  20 gnolls
  2 howler monkey skeletons
  2 shadow imps
  4 white imps
  4 ufetubi
  An ooze (D:1)
  An adder zombie (D:10)
  An adder skeleton (D:6)
  3 worms
  4 dart slugs
  3 leopard geckos
  42 orcs
  5 giant cockroaches
  2 gnoll zombies (Ossuary)
  8 hobgoblins
  2 jackals (D:7)
  2 quokkas
  3 ball pythons
  11 bats
  3 frilled lizards
  9 goblins
  6 goblin zombies
  A hobgoblin skeleton (D:9)
  8 hobgoblin zombies
  16 kobolds
  3 kobold zombies (Ossuary)
  A leopard gecko skeleton (D:7)
  3 leopard gecko zombies
  An orc skeleton (D:9)
  15 orc zombies
  2 quokka skeletons
  4 rats
336 creatures vanquished.

Vanquished Creatures (collateral kills)
  An orc warrior (Bailey)
  3 gnolls (Bailey)
  A hobgoblin (Bailey)
  A kobold (Bailey)
6 creatures vanquished.

Grand Total: 342 creatures vanquished
